 Dungeon Crawl Stone Soup version 0.15.0-31-geb66e34 (webtiles) character file.

79 Kae the Insei (level 4, -1/35 HPs)
             Began as a Draconian Transmuter on Sept 13, 2014.
             Was a Follower of Qazlal.
             Killed from afar by Terence (8 damage)
             ... with a wand of magic darts
             ... on Level 3 of the Dungeon.
             The game lasted 00:03:19 (2426 turns).

Kae the Insei (Draconian Transmuter)                Turns: 2426, Time: 00:03:19

HP  -1/35        AC  2     Str 12      XL: 4   Next: 16%
MP   4/7         EV 19     Int 13      God: Qazlal [*.....]
Gold 138         SH  1     Dex 18      Spells:  3 memorised,  1 level left

rFire  . . .     SeeInvis .       - Unarmed
rCold  . . .     Clarity  .     (armour unavailable)
rNeg   . . .     rCorr    .     (shield currently unavailable)
rPois  x         rRot     .     (helmet currently unavailable)
rElec  .         Spirit   .     q - melded +2 cloak
SustAb .         Warding  .     (gloves currently unavailable)
rMut   .         Stasis   .     (boots currently unavailable)
Gourm  .                        (no amulet)
MR     .....                    (no ring)
                                (no ring)

@: spider-form (expiring), not resistant to hostile enchantments, unstealthy
A: unfitting armour, (cold-blooded), AC +5
a: End Transformation, Renounce Religion


You were on level 3 of the Dungeon.
You worshipped Qazlal.
Qazlal was aware of your devotion.
You were not hungry.
You were in spider-form.
You visited 1 branch of the dungeon, and saw 3 of its levels.

You collected 138 gold pieces.

Inventory:

Missiles
 b - 9 arrows
Armour
 q - a +2 cloak (melded)
Comestibles
 a - 3 bread rations
 c - 2 beef jerkies
 t - a royal jelly
 w - a fruit
 z - a chunk of giant cockroach flesh
Scrolls
 f - 2 scrolls of random uselessness {unknown}
 g - 4 scrolls of identify {unknown}
 n - a scroll of enchant armour {unknown}
 o - 2 scrolls of remove curse
 s - a scroll of immolation {unknown}
 u - a scroll of blinking {unknown}
 x - a scroll of noise {unknown}
Potions
 e - a potion of might {unknown}
 h - 2 potions of degeneration {unknown}
 i - a potion of mutation {unknown}
 j - a potion of haste
 k - a potion of beneficial mutation {unknown}
 l - 3 potions of invisibility {unknown}
 m - a potion of brilliance {unknown}
 p - a potion of curing {unknown}
 r - a potion of agility {unknown}
 v - a potion of lignification {unknown}
Books
 d - a book of Changes

   Spells                             Type                      Level
   *Beastly Appendage                 Transmutation                1
   *Sticks to Snakes                  Transmutation                2
   *Spider Form                       Transmutation/Poison         3
   Ice Form                           Ice/Transmutation            4
   Blade Hands                        Transmutation                5


   Skills:
 - Level 1.1 Fighting
 - Level 1.7 Dodging
 * Level 4.4 Unarmed Combat
 - Level 2.0 Spellcasting
 + Level 3.1 Transmutations


You had one spell level left.
You knew the following spells:

 Your Spells              Type           Power        Failure   Level  Hunger
a - Beastly Appendage     Trmt           #.....       24%         1    ##.....
b - Sticks to Snakes      Trmt           #.........   28%         2    ###....
c - Spider Form           Trmt/Pois      #.........   61%         3    ####...


Dungeon Overview and Level Annotations

Branches:
Dungeon (3/15)

Altars:
Dithmenos
Qazlal
Sif Muna

Annotations:
D:3 Terence


Innate Abilities, Weirdness & Mutations

((Your plain brown scales are hard (AC +5).))
Your body does not fit into most forms of armour.
((Your cold-blooded metabolism reacts poorly to cold.))


Message History

Confirm with . or Enter, or press ? or * to list all spells.
You turn into a venomous arachnid creature.
Your +2 cloak melds into your body.
Terence zaps a wand.
The magic dart hits you!
Terence zaps a wand.
The magic dart hits you!
Terence zaps a wand.
The magic dart hits you!
* * * LOW HITPOINT WARNING * * *
Unknown command.
You are too injured to fight recklessly!
You hit Terence but do no damage. Terence misses you.
You hit Terence.
Terence is poisoned.
Terence is moderately wounded.
Your transformation is almost over.
Terence hits you with a runed mace.
* * * LOW HITPOINT WARNING * * *
A jackal comes into view.
You barely miss Terence.
Terence is moderately wounded.
Terence zaps a wand.
The magic dart hits you!
You die...

#.# ### #.# #.###.##
#)# #....#.# #.#
#####.## #.# #.# #.#
#.# #.# #.# #########
#.#
######.###.@.........#
#.........s# #.#
#.###.###..# #. #[.#
#+ #..# #..# ##.h.
#..## #..# ...#


You could see Terence and a jackal (wandering).

Vanquished Creatures
  2 adders (D:2)
  A worm (D:2)
  A ball python (D:2)
  8 bats
  3 giant cockroaches
  8 hobgoblins
  A jackal (D:2)
  A kobold (D:1)
  A quokka (D:2)
  3 giant geckos (D:2)
  3 giant newts (D:2)
  5 goblins
  8 rats
45 creatures vanquished.

Vanquished Creatures (collateral kills)
  A worm (D:2)
  A rat (D:2)
2 creatures vanquished.

Grand Total: 47 creatures vanquished

Notes
Turn   | Place    | Note
--------------------------------------------------------------
     0 | D:1      | Kae, the Draconian Transmuter, began the quest for the Orb.
     0 | D:1      | Reached XP level 1. HP: 16/16 MP: 3/3
   163 | D:1      | Reached XP level 2. HP: 20/23 MP: 4/4
   777 | D:2      | Found a stormy altar of Qazlal.
   777 | D:2      | Found a shadowy altar of Dithmenos.
   789 | D:2      | Became a worshipper of Qazlal Stormbringer
  1240 | D:2      | Reached XP level 3. HP: 25/28 MP: 4/6
  1287 | D:2      | Learned a level 2 spell: Sticks to Snakes
  1567 | D:2      | Reached skill level 4 in Unarmed Combat
  2016 | D:2      | Found a deep blue altar of Sif Muna.
  2037 | D:2      | Reached XP level 4. HP: 20/35 MP: 7/7
  2287 | D:3      | Acquired Qazlal's first power
  2292 | D:3      | Learned a level 3 spell: Spider Form
  2417 | D:3      | Noticed Terence
  2426 | D:3      | Killed from afar by Terence

Action                   |  1- 3 |  4- 6 || total
-------------------------+-------+-------++-------
Melee: Unarmed           |   166 |    20 ||   186
 Cast: Beastly Appendage |     9 |       ||     9
       Sticks to Snakes  |     3 |       ||     3
       Spider Form       |       |     1 ||     1
  Use: Scroll            |     1 |       ||     1
  Eat: Chunk             |     3 |     2 ||     5
